 Dungeon Crawl Stone Soup version 0.26-a0-812-g31a745ddcd (webtiles) character file.

Game seed: 2302835774714104162

265 MalarOregon the Sneak (level 5, -1/45 HPs)
             Began as a Draconian Brigand on Nov 25, 2020.
             Was a Follower of Ashenzari.
             Slain by an orc wizard
             ... wielding a +0 dagger
              (3 damage)
             ... on level 3 of the Dungeon.
             The game lasted 00:05:50 (2631 turns).

MalarOregon the Sneak (Draconian Brigand)           Turns: 2631, Time: 00:05:51

Health: -1/45      AC:  7    Str: 15    XL:     5   Next: 99%
Magic:  5/5        EV:  9    Int: 11    God:    Ashenzari [*.....]
Gold:   112        SH:  7    Dex: 12    Spells: 4/4 levels left

rFire    . . .     SeeInvis .   a - +2 dagger
rCold    . . .     Faith    .   g - +0 kite shield
rNeg     . . .     Spirit   .   (armour unavailable)
rPois    .         Reflect  .   (helmet restricted)
rElec    .         Harm     .   b - +0 cloak
rCorr    .         Rampage  .   s - +0 pair of gloves (curse)
MR       .....                  (no boots)
Stlth    ++........             (no amulet)
HPRegen  0.15/turn              (no ring)
MPRegen  0.09/turn              (no ring)

@: no status effects
A: unfitting armour, cold-blooded, AC +5
a: Curse Item, Scrying, Renounce Religion


You were on level 3 of the Dungeon.
You worshipped Ashenzari.
Ashenzari was aware of your devotion.
You visited 1 branch of the dungeon, and saw 3 of its levels.

You collected 112 gold pieces.

Inventory:

Hand Weapons
 a - a +2 dagger (weapon)
Missiles
 c - 4 poisoned darts (quivered)
 d - 2 curare-tipped darts {!f}
 f - 167 stones
 i - a throwing net {!f}
Armour
 b - a +0 cloak (worn)
 g - a +0 kite shield (worn)
   (You found it on level 3 of the Dungeon)
 s - a cursed +0 pair of gloves (worn)
   (You found it on level 2 of the Dungeon)
Jewellery
 m - an uncursed ring of fire
   (You found it on level 1 of the Dungeon)
Scrolls
 e - a scroll of remove curse {@r2}
 o - 2 scrolls of teleportation {@r4}
Potions
 j - 2 potions of might {unknown}
 n - 2 potions of flight
 r - a potion of cancellation


   Skills:
 + Level 3.2 Fighting
 * Level 3.8 Short Blades
 * Level 3.2 Throwing
 + Level 2.1 Dodging
 + Level 4.2 Stealth
 + Level 0.3 Shields


You had 4 spell levels left.
You didn't know any spells.
Your spell library was empty.

Dungeon Overview and Level Annotations

Branches:
Dungeon (3/15)

Altars:
Ashenzari
Sif Muna
Wu Jian


Innate Abilities, Weirdness & Mutations

Your plain brown scales are hard. (AC +5)
You cannot fit into any form of body armour.
You are cold-blooded and may be slowed by cold attacks.


Message History

You closely miss something.
Your tail-slap misses something.
Something hits you.
* * * LOW HITPOINT WARNING * * *
You hit something but do no damage. Something hits you.
* * * LOW HITPOINT WARNING * * *
Unknown command.
You aren't carrying any items that you can evoke.
You closely miss something. You tail-slap something.
You hear some strange, mumbled words.
A magic dart appears from out of thin air!
The magic dart hits you!
* * * LOW HITPOINT WARNING * * *
Your shield prevents you from hitting something.
You tail-slap something. You hit something.
Something hits you but does no damage.
You barely miss something. Something hits you.
* * * LOW HITPOINT WARNING * * *
You closely miss something.
Your tail-slap misses something.
You block something's attack.
You completely miss something.
Your tail-slap misses something.
Something hits you.
* * * LOW HITPOINT WARNING * * *
You miss something. Something hits you.
* * * LOW HITPOINT WARNING * * *
Unknown command.
Unknown command.
You closely miss something. You block something's attack.
Unknown command.
Okay, then.
Throwing (i - inventory. (/) - cycle)
c - 8 poisoned darts (quivered)
Really target yourself?
Okay, then.
Throwing (i - inventory. (/) - cycle)
c - 8 poisoned darts (quivered)
You throw a poisoned dart. Something hits you.
* * * LOW HITPOINT WARNING * * *
Throwing (i - inventory. (/) - cycle)
c - 7 poisoned darts (quivered)
You throw a poisoned dart. Something hits you but does no damage.
Throwing (i - inventory. (/) - cycle)
c - 6 poisoned darts (quivered)
You throw a poisoned dart. Something hits you but does no damage.
Throwing (i - inventory. (/) - cycle)
c - 5 poisoned darts (quivered)
You throw a poisoned dart. Something hits you.
You die...

...####.###........#
.............#####.#
...####.###[#### #.#
...# #.# #....# #.#
...### ####.# #[#
.....# #.###)#.##..
..##.# #.#((....o...
..[..# #.#{##..###.#
####.# #.#@##!.# ..#
# #.#...#..# ..#
.[#.......# ..#
.....#...#.## ..#
........#.##.# ..##
.#........# # ...#
#.....#### ......
#....$ ...#.# .#..<#


There were no monsters in sight!

Vanquished Creatures
  A phantom (D:2)
  An orc priest (D:3)
  An orc wizard (D:3)
  5 adders
  An adder zombie (D:2)
  2 worms
  2 dart slugs (D:1)
  4 leopard geckos
  5 orcs (D:3)
  A bat skeleton (D:2)
  A bat zombie (D:2)
  2 giant cockroaches
  4 goblins
  5 hobgoblins
  7 kobolds
  A quokka (D:2)
  2 ball pythons
  4 bats (D:1)
  6 frilled lizards
  A leopard gecko skeleton (D:2)
  4 rats
60 creatures vanquished.

Vanquished Creatures (others)
  6 withered plants (D:2)
6 creatures vanquished.

Grand Total: 66 creatures vanquished

Notes
Turn   | Place    | Note
-------+----------+-------------------------------------------
     0 | D:1      | MalarOregon the Draconian Brigand began the quest for the
                  | Orb.
     0 | D:1      | Reached XP level 1. HP: 17/17 MP: 1/1
   220 | D:1      | Reached skill level 1 in Dodging
   308 | D:1      | Reached XP level 2. HP: 23/24 MP: 2/2
   816 | D:1      | Reached XP level 3. HP: 30/30 MP: 3/3
   990 | D:2      | Found a faded altar of an unknown god.
  1135 | D:2      | Became a worshipper of Ashenzari the Shackled
  1135 | D:2      | Reached * piety under Ashenzari
  1530 | D:2      | Reached XP level 4. HP: 37/37 MP: 4/4
  1546 | D:2      | Noticed a phantom
  1598 | D:2      | Killed a phantom
  1598 | D:2      | Reached skill level 4 in Stealth
  1598 | D:2      | Reached XP level 5. HP: 13/45 MP: 5/5
  2171 | D:3      | Found an ornate altar of the Wu Jian Council.
  2423 | D:3      | Found a shimmering blue altar of Sif Muna.
  2628 | D:3      | HP: 2/45 [something (2)]
  2631 | D:3      | Slain by an orc wizard

Illustrated notes

Levels and vault maps discovered:
D:1:      dpeg_arrival_rooms_with_view, layout_basic
D:2:      layout_basic, serial_undead, serial_undead_b, serial_undead_f,
          serial_undead_d, serial_undead_b, chequers_ecumenical_altar_simple
D:3:      layout_loops_ring, lemuel_crystal_altar, lemuel_doored_altar

Skill      XL: |  1  2  3  4  5 |
---------------+----------------+-----
Dodging        | 1 2 |  2.1
Throwing       | 2 3 |  3.2
Short Blades   | 3 |  3.8
Fighting       | 3 |  3.2
Stealth        | 4 |  4.2
Shields        | |  0.3

Action                   |  1- 3 |  4- 6 || total
-------------------------+-------+-------++-------
Melee: Dagger            |    41 |   165 ||   206
       Tailslap          |     1 |    23 ||    24
 Fire: Hunting sling     |    59 |       ||    59
Throw: Stone             |       |    17 ||    17
       Dart              |       |     4 ||     4
  Use: Scroll            |       |     9 ||     9
       Potion            |       |     3 ||     3
 Stab: Sleeping          |     3 |     1 ||     4
Armor: Skin              |    29 |    50 ||    79
Dodge: Dodged            |    44 |    77 ||   121
Block: Kite shield       |       |    11 ||    11

Table legend: (Time is in decaauts)
 A = Elapsed time spent in this place.
 B = Non-inter-level travel time spent in this place.
 C = Inter-level travel time spent in this place.
 D = Time resting spent in this place.
 E = Time spent auto-exploring this place.
 F = Levels seen in this place.
 G = Mean time per level.
                   A        B        C        D        E       F      G
               +--------+--------+--------+--------+--------+-----+--------+
         Total |   2614 |   2498 |    116 |    108 |   1836 |   3 |  871.3 |
       Dungeon |   2614 |   2498 |    116 |    108 |   1836 |   3 |  871.3 |
               +--------+--------+--------+--------+--------+-----+--------+

Top non-repeatable levels by time:
     D:1: 1090 daAuts
     D:2: 1044 daAuts
     D:3: 479 daAuts
